 Dungeon Crawl Stone Soup version 0.29-a0-575-g0dc89cf053 (webtiles) character file.

Game seed: 6029709189998767575

288 Anon1729 the Chopper (level 6, 0/84 HPs)
             Began as a Minotaur Monk on June 12, 2022.
             Was a High Priest of Jiyva.
             Slain by a killer bee (1 damage)
             ... on level 3 of the Dungeon.
             The game lasted 00:02:33 (2561 turns).

Anon1729 the Chopper (Minotaur Monk)                Turns: 2561, Time: 00:02:34

Health: 0/84       AC: 23    Str: 18    XL:     6   Next: 9%
Magic:  5/5        EV:  2    Int: 11    God:    Jiyva [*****.]
Gold:   97         SH:  0    Dex: 12    Spells: 5/5 levels left

rFire   . . .      SeeInvis .   h - +0 war axe
rCold   . . .      Faith    .   (no shield)
rNeg    . . .      Spirit   .   (body armour currently unavailable)
rPois   +          Reflect  .   (helmet currently unavailable)
rElec   .          Harm     .   (cloak currently unavailable)
rCorr   +          Rampage  .   (gloves currently unavailable)
Will    .....      NoTele   +   (boots currently unavailable)
Stlth   ++........              (no amulet)
HPRegen 1.68/turn               (no ring)
MPRegen 0.54/turn               (no ring)

@: tree-form (expiring)
A: stationary, stasis, torment immunity, boosted hp, (horns 2), (retaliatory
headbutt), clever 2, (pseudopods 2)
a: Renounce Religion, Oozemancy, Slimify


You were on level 3 of the Dungeon.
You worshipped Jiyva.
Jiyva was extremely pleased with you.
You were a tree.
You visited 1 branch of the dungeon, and saw 4 of its levels.

You collected 97 gold pieces.

Inventory:

Hand Weapons
 a - a +0 hand axe
 h - a +0 war axe (weapon)
Armour
 b - a +0 robe
 d - a +0 leather armour
 f - a +0 plate armour (melded)
 g - a +0 chain mail
Scrolls
 i - a scroll of summoning {unknown}
 k - a scroll of enchant weapon {unknown}
 m - a scroll of magic mapping {unknown}
 n - a scroll of amnesia {unknown}
Potions
 c - a potion of ambrosia
 e - 2 potions of lignification
 j - a potion of berserk rage {unknown}
 l - a potion of cancellation {unknown}


   Skills:
 + Level 5.1 Fighting
 * Level 6.3 Axes
 + Level 3.4 Armour
 - Level 3.2 Dodging
 - Level 1.5 Stealth


You had 5 spell levels left.
You didn't know any spells.
Your spell library contained the following spells:

 Spells                   Type           Power      Damage    Failure   Level
 Ensorcelled Hibernation  Hex/Ice        0%         N/A       47%         2
 Spider Form              Tmut/Pois      0%         N/A       71%         3
 Anguish                  Hex/Necr       0%         N/A       98%         4


Dungeon Overview and Level Annotations

Branches:
Dungeon (4/15)
 Temple: D:4-7

Altars:
Uskayaw
Jiyva

Annotations:
D:3 exclusion: goblin


Innate Abilities, Weirdness & Mutations

You are a tree.
Your roots penetrate the ground, keeping you stationary.
You cannot be teleported.
You are immune to unholy pain and torment.
Your maximum health is greatly increased.
Your equipment is partially melded.
((You have a pair of horns on your head.))
((You reflexively headbutt those who attack you in melee.))
Your mind is very acute. (Int +4)
((Armour fits poorly on your large pseudopods.))


Message History

* * * LOW HITPOINT WARNING * * *
The killer bee stings you but does no damage.
You closely miss the killer bee.
The killer bee is heavily wounded.
You feel very sick.
The killer bee stings you but does no damage. x2
You closely miss the killer bee.
The killer bee is heavily wounded.
You feel sick.
The killer bee stings you but does no damage. x3
You miss the killer bee.
The killer bee is heavily wounded.
You feel sick.
The killer bee stings you but does no damage.
The killer bee stings you.
* * * LOW HITPOINT WARNING * * *
You miss the killer bee.
The killer bee is heavily wounded.
You feel sick. The killer bee barely misses you. The killer bee stings you.
* * * LOW HITPOINT WARNING * * *
You barely miss the killer bee.
The killer bee is heavily wounded.
You feel sick. The killer bee stings you.
* * * LOW HITPOINT WARNING * * *
The killer bee stings you but does no damage. x2
You miss the killer bee.
The killer bee is heavily wounded.
You feel sick.
The killer bee stings you but does no damage.
The killer bee stings you.
* * * LOW HITPOINT WARNING * * *
You hit the killer bee but do no damage.
The killer bee is heavily wounded.
Your transformation is almost over.
You feel sick.
You are no longer poisoned.
The killer bee stings you.
* * * LOW HITPOINT WARNING * * *
The killer bee stings you.
You die...

#...####.#....# # #...# #.#....#
# #...####.#...## #
#......#.##..# # #......#.##..# #
#####........##..# #
........^..####..# # ......#....#
#.)################ #####.######
#†♣y...............
################)################
#..............#.#
#.....########.#.# #.....# #.#.#
#.....# #.#.# #.....########.#.#
..###.##.......#.######### ..#
#.##.......#.........#


You could see a killer bee.

Vanquished Creatures
  A phantom (D:3)
  An orc priest (D:3)
  2 orc wizards (D:3)
  5 adders (D:3)
  2 gnolls (D:3)
  3 worms (D:2)
  2 dart slugs (D:1)
  2 orcs (D:3)
  3 bats
  2 endoplasms (D:1)
  3 giant cockroaches (D:1)
  9 goblins
  9 hobgoblins
  5 quokkas
  3 ball pythons
  A frilled lizard (D:3)
  4 kobolds
  A rat (D:3)
58 creatures vanquished.

Vanquished Creatures (others)
  2 orcs (D:3)
  2 endoplasms (D:3)
  2 goblins (D:3)
  A hobgoblin (D:3)
  A quokka (D:3)
  2 rats (D:3)
10 creatures vanquished.

Grand Total: 68 creatures vanquished

Notes
Turn   | Place    | Note
-------+----------+-------------------------------------------
     0 | D:1      | Anon1729 the Minotaur Monk began the quest for the Orb.
     0 | D:1      | Reached XP level 1. HP: 19/19 MP: 0/0
   148 | D:1      | Reached skill level 4 in Axes
   148 | D:1      | Reached XP level 2. HP: 27/27 MP: 1/1
   205 | D:1      | Reached skill level 1 in Armour
   793 | D:1      | Reached XP level 3. HP: 33/33 MP: 2/2
   940 | D:1      | Found a faded altar of an unknown god.
   964 | D:1      | Prayed at the altar of an unknown god.
   964 | D:1      | Became a worshipper of Jiyva Jautsun the Shapeless
   964 | D:1      | Reached * piety under Jiyva
   964 | D:1      | Reached ** piety under Jiyva
  1290 | D:2      | Reached *** piety under Jiyva
  1379 | D:2      | Gained mutation: Your mind is acute. (Int +2) [Jiyva's
                  | grace]
  1379 | D:2      | Gained mutation: Your mind is very acute. (Int +4) [Jiyva's
                  | grace]
  1379 | D:2      | Gained mutation: Armour fits poorly on your pseudopods.
                  | [Jiyva's grace]
  1379 | D:2      | Gained mutation: Armour fits poorly on your large
                  | pseudopods. [Jiyva's grace]
  1615 | D:2      | Found a hide-covered altar of Uskayaw.
  1828 | D:3      | Reached **** piety under Jiyva
  1900 | D:3      | Reached XP level 4. HP: 33/41 MP: 3/3
  1905 | D:3      | Reached skill level 5 in Axes
  2021 | D:3      | Reached XP level 5. HP: 31/47 MP: 4/4
  2491 | D:3      | Reached ***** piety under Jiyva
  2523 | D:4      | Noticed a phantom
  2533 | D:3      | Killed a phantom
  2534 | D:3      | Reached skill level 5 in Fighting
  2534 | D:3      | Reached skill level 6 in Axes
  2536 | D:3      | Reached XP level 6. HP: 56/56 MP: 5/5
  2561 | D:3      | HP: 1/84 [killer bee (5)]
  2561 | D:3      | Slain by a killer bee

Illustrated notes

Levels and vault maps discovered:
D:1:      psy_arrival_radial02, layout_basic, hellmonk_ecumenical_altar_zigzags,
          hex_large
D:2:      layout_loops_ring, basic_altar, kennysheep_generic_room_5
D:3:      layout_basic, minmay_goblin_outpost
D:4:      layout_basic, minmay_temple_entry_stoned_glass, minivault_11,
          uniq_sigmund, uniq_pikel

Skill      XL: |  1  2  3  4  5 |
---------------+----------------+-----
Axes           | 4 5 6 |  6.3
Armour         | 1 2 3 |  3.4
Fighting       | 4 5 |  5.1
Dodging        | |  3.2
Stealth        | |  1.5

Action                   |  1- 3 |  4- 6 || total
-------------------------+-------+-------++-------
Melee: Hand axe          |    58 |       ||    58
       Headbutt          |    13 |     4 ||    17
       War axe           |    32 |    53 ||    85
       Pseudopods        |     2 |     6 ||     8
  Use: Potion            |       |     1 ||     1
Armor: Robe              |     3 |       ||     3
       Plate armour      |    39 |    37 ||    76
       Leather armour    |     2 |       ||     2
       Skin              |       |    24 ||    24
Dodge: Dodged            |    19 |    25 ||    44

Table legend: (Time is in decaauts)
 A = Elapsed time spent in this place.
 B = Non-inter-level travel time spent in this place.
 C = Inter-level travel time spent in this place.
 D = Time resting spent in this place.
 E = Time spent auto-exploring this place.
 F = Levels seen in this place.
 G = Mean time per level.
                   A        B        C        D        E       F      G
               +--------+--------+--------+--------+--------+-----+--------+
         Total |   2587 |   2470 |    117 |      0 |   2010 |   4 |  646.8 |
       Dungeon |   2587 |   2470 |    117 |      0 |   2010 |   4 |  646.8 |
               +--------+--------+--------+--------+--------+-----+--------+

Top non-repeatable levels by time:
     D:1: 1284 daAuts
     D:3: 741 daAuts
     D:2: 553 daAuts
     D:4: 8 daAuts
